 Dungeon Crawl Stone Soup version 0.31-a0-237-g2d982f9f85 (webtiles) character file.

Game seed: 6102886785852994944

212228 Vomitron the Gelid (level 18, -12/171 (176) HPs)
             Began as a White Draconian Conjurer on July 11, 2023.
             Was the Champion of Vehumet.
             Killed from afar by a black draconian knight (30 damage)
             ... with a bolt of lightning
             ... in a wizard's laboratory on July 12, 2023.
             The game lasted 02:50:38 (39899 turns).

Vomitron the Gelid (White Draconian Conjurer)      Turns: 39899, Time: 02:50:39

HP:   -12/171 (176) AC: 17    Str:  7 (11) XL:     18   Next: 23%
MP:   3/36          EV: 17    Int: 30 (35) God:    Vehumet [******]
Gold: 2135          SH:  6    Dex:  4      Spells: 0/45 levels left

rFire   + + +        s - staff of Silly Tender Mercy {rF+++ Will++ rCorr Dex-3 Conj}
rCold   + + .        N - +2 buckler {rC+}
rNeg    . . .        (body armour unavailable)
rPois   +            (helmet restricted)
rElec   .            k - +2 cloak
rCorr   +            z - +2 pair of gloves
SInv    .            h - +0 pair of boots of Complete Protection {+Blink rPois rF+}
Will    +++..        U - amulet of magic regeneration
Stlth   +++          F - ring of Hon Woti {EV+5 Int+3}
HPRegen 0.48/turn    (no ring)
MPRegen 0.65/turn

%: no passive effects
@: lightly drained
A: breathe frost, AC +10, unfitting armour, cold resistance 1, cold-blooded,
talons 1, clever 2, robust 1
}: 1/15 runes: decaying
a: Breathe Frost, Renounce Religion, Evoke Blink


You were in a wizard's laboratory.
You worshipped Vehumet.
Vehumet was exalted by your worship.
You visited 7 branches of the dungeon, and saw 31 of its levels.
You visited 1 bazaar.
You also visited: Sewer, Ossuary, Bailey, Ice Cave, Volcano and Wizlab.

You collected 2928 gold pieces.
You spent 793 gold pieces at shops.

Inventory:

Hand Weapons
 o - the +3 dagger "Nuap" {speed, rPois Str-4 Int+5 Stlth+}
   (You found it on level 3 of the Dungeon)

   Str:       It affects your strength (-4).
   Int:       It affects your intelligence (+5).
   rPois:     It protects you from poison.
   Stlth:     It makes you more stealthy.
 p - a +6 vampiric trident
Missiles
 d - 279 stones
Armour
 h - the +0 pair of boots of Complete Protection (worn) {+Blink rPois rF+}
   (You acquired it on level 14 of the Dungeon)

   rF:        It protects you from fire.
   rPois:     It protects you from poison.
   +Blink:    It lets you blink.
 i - a +0 kite shield of cold resistance
 k - a +2 cloak (worn)
 n - a scarf of shadows
 w - a +1 pair of boots
 z - a +2 pair of gloves (worn)
 N - a +2 buckler of cold resistance (worn)
Magical Staves
 s - the staff of Silly Tender Mercy (weapon) {rF+++ Will++ rCorr Dex-3 Conj}
   (You acquired it on level 8 of the Dungeon)

   [staff of conjuration]

   Base accuracy: +5 Base damage: 5 Base attack delay: 1.2 This weapon's minimum
   attack delay (0.6) is reached at skill level 12.
   Dex:       It affects your dexterity (-3).
   rF:        It renders you almost immune to fire.
   rCorr:     It protects you from acid and corrosion.
   Conj:      It increases the power of your Conjurations spells.
   Will:      It greatly increases your willpower.
   It falls into the 'Staves' category.
   It is a one-handed weapon.
Jewellery
 F - the ring of Hon Woti (left hand) {EV+5 Int+3}
   (You acquired it on level 11 of the Dungeon)

   [ring of evasion]

   EV:        It affects your evasion (+5).
   Int:       It affects your intelligence (+3).
 U - an amulet of magic regeneration (around neck)
 X - an amulet of reflection
Wands
 j - a wand of digging (3)
 m - a wand of flame (10)
 M - a wand of charming (21)
 P - a wand of quicksilver (6)
 R - a wand of roots (8)
 Z - a wand of polymorph (13)
Scrolls
 b - 7 scrolls of revelation
 e - a scroll of fear
 g - 10 scrolls of teleportation
 r - 2 scrolls of enchant weapon
 y - a scroll of silence
 B - a scroll of enchant armour
 C - 5 scrolls of amnesia
 D - a scroll of summoning
 J - 2 scrolls of brand weapon
 L - 5 scrolls of poison
 O - 16 scrolls of identify
 Q - 4 scrolls of blinking
 Y - a scroll of fog
Potions
 a - 2 potions of magic
 c - 2 potions of heal wounds
 f - 19 potions of curing
 l - 5 potions of attraction
 q - 5 potions of degeneration
 t - 8 potions of mutation
 v - 4 potions of enlightenment
 x - 4 potions of cancellation
 A - 6 potions of lignification
 E - 5 potions of haste
 H - 7 potions of might
 I - a potion of ambrosia
 K - a potion of brilliance
 S - a potion of berserk rage
 T - 2 potions of resistance
 W - 5 potions of invisibility
Miscellaneous
 u - a box of beasts (inert)
 G - a lightning rod (4/4)


   Skills:
 - Level 14.1 Fighting
 - Level 8.5 Dodging
 - Level 7.0 Stealth
 - Level 5.0 Shields
 + Level 14.1 Spellcasting
 + Level 15.7 Conjurations
 - Level 2.0 Hexes
 - Level 4.0 Translocations
 - Level 3.8 Fire Magic
 + Level 18.7 Ice Magic
 + Level 11.4 Air Magic
 - Level 3.0 Poison Magic
 + Level 7.3 Evocations


You couldn't memorise any spells.
You knew the following spells:

 Your Spells              Type           Power      Damage    Failure   Level
a - Magic Dart            Conj           100%       1d8       0%          1
b - Searing Ray           Conj           100%       2d8       0%          2
c - Fulminant Prism       Conj/Hex       42%        3d19      1%          4
d - Iskenderun's Mystic   Conj/Tloc      88%        2d17      1%          4
e - Orb of Destruction    Conj           53%        9d13      1%          7
f - Swiftness             Air            74%        N/A       1%          3
g - Frozen Ramparts       Ice            100%       1d16      0%          3
h - Ozocubu's Refrigerat  Ice            46%        4d17      1%          7
i - Arcjolt               Conj/Air       50%        1d60      1%          5
j - Olgreb's Toxic Radia  Pois           39%        N/A       2%          4
k - Iskenderun's Battles  Conj           100%       2d15      1%          5

Your spell library contained the following spells:

 Spells                   Type           Power      Damage    Failure   Level
 Polar Vortex             Ice            46%        12d6*     38%         9
 Chain Lightning          Conj/Air       50%        3d67      95%         9
 Shatter                  Erth           10%        3d12*     100%        9
 Freeze                   Ice            100%       1d10      0%          1
 Hailstorm                Conj/Ice       100%       3d20      0%          3
 Apportation              Tloc           90%        N/A       1%          1
 Slow                     Hex            100%       N/A       1%          1
 Ensorcelled Hibernation  Hex/Ice        100%       N/A       1%          2
 Lesser Beckoning         Tloc           90%        N/A       1%          2
 Poisonous Vapours        Pois/Air       100%       N/A       1%          2
 Dazzling Flash           Conj/Hex       100%       N/A       1%          3
 Gell's Gravitas          Tloc           45%        N/A       1%          3
 Ignite Poison            Fire/Tmut/Pois 34%        N/A       1%          3
 Inner Flame              Hex/Fire       38%        N/A       1%          3
 Teleport Other           Tloc           45%        N/A       1%          3
 Volatile Blastmotes      Fire/Tloc      88%        2d17      1%          3
 Flame Wave               Conj/Fire      88%        2d19      1%          4
 Ice Form                 Ice/Tmut       67%        N/A       1%          4
 Sticky Flame             Conj/Fire      88%        2d10      1%          4
 Summon Ice Beast         Ice/Summ       67%        N/A       1%          4
 Fireball                 Conj/Fire      44%        3d18      1%          5
 Irradiate                Conj/Tmut      40%        3d25      1%          5
 Conjure Ball Lightning   Conj/Air       50%        3x3d17    1%          6
 Summon Small Mammal      Summ           84%        N/A       3%          1
 Tukima's Dance           Hex            33%        N/A       4%          3
 Passwall                 Tmut/Erth      17%        N/A       5%          2
 Sublimation of Blood     Necr           21%        N/A       5%          2
 Spider Form              Tmut/Pois      30%        N/A       5%          3
 Summon Guardian Golem    Hex/Summ       27%        N/A       7%          3
 Manifold Assault         Tloc           45%        N/A       7%          4
 Passage of Golubria      Tloc           45%        N/A       7%          4
 Call Canine Familiar     Summ           21%        N/A       11%         3
 Yara's Violent Unravell  Hex/Tmut       13%        3d7       17%         5
 Lee's Rapid Deconstruct  Erth           10%        3d8*      24%         5
 Petrify                  Tmut/Erth      21%        N/A       34%         4
 Alistair's Intoxication  Tmut/Pois      20%        N/A       45%         5
 Maxwell's Capacitive Co  Air            37%        ∞         45%         8
 Dispersal                Tloc           22%        N/A       71%         6
 Enfeeble                 Hex            16%        N/A       100%        7
 Disjunction              Tloc           22%        N/A       100%        8
 Ignition                 Fire           22%        3d8       100%        8


Dungeon Overview and Level Annotations

Branches:
Dungeon (15/15)            Temple (1/1) D:6            Lair (5/5) D:11
  Swamp (4/4) Lair:2       Spider (3/4) Lair:2        Slime (0/5) Lair:5
    Orc (2/2) D:11            Elf (0/3) Orc:2        Vaults (1/5) D:14
 Depths (0/4) D:15          Sewer (visited)         Ossuary (visited)
 Bailey (visited)           IceCv (visited)         Volcano (visited)
 WizLab (1/1)

Altars:
Ashenzari
Cheibriados
Dithmenos
Elyvilon
Fedhas
Gozag
Hepliaklqana
Kikubaaqudgha
Makhleb
Nemelex Xobeh
Okawaru
Qazlal
Ru
Sif Muna
Trog
Uskayaw
Vehumet
Wu Jian
Xom
Yredelemnul
Zin
The Shining One
Jiyva

Shops:
Orc:1 :   Orc:2 (=([

Annotations:
Swamp:2 4 transporters, Tiex's ghost, adept TrFi
Spider:3 exclusion: door


Innate Abilities, Weirdness & Mutations

You can breathe waves of freezing cold which knock back foes.
Your icy white scales are hard. (AC +10)
You cannot fit into any form of body armour.
Your flesh is cold resistant. (rC+)
You are cold-blooded and may be slowed by cold attacks.
You have sharp toenails.
Your mind is very acute. (Int +8, Str/Dex -2)
You are robust. (+10% HP)


Message History

The mystic blast hits something.
Something collides with your fulminant prism!
Your fulminant prism is heavily damaged.
Your fulminant prism explodes!
The blast of energy engulfs something!
The blast of energy engulfs the vampire knight!!
The vampire knight is heavily damaged.
You hear a shout!
Unknown command.
Unknown command.
Unknown command.
Casting: Iskenderun's Mystic Blast (safe; 1% risk of failure)
Confirm with . or Enter, or press ? or * to list all spells.
You feel a surge of power!
You erupt in a blast of force!
The mystic blast hits something!!
The vampire knight casts a spell at something.
The vampire knight blinks!
Unknown command.
Unknown command.
Unknown command.
Unknown command.
Casting: Iskenderun's Mystic Blast (safe; 1% risk of failure)
Confirm with . or Enter, or press ? or * to list all spells.
You feel a surge of power!
You erupt in a blast of force!
The mystic blast hits the vampire knight!
The vampire knight is severely damaged.
The vampire knight is knocked back by the mystic blast.
A bolt of lightning appears from out of thin air!
The bolt of lightning hits you!!
* * * LOW HITPOINT WARNING * * *
Unknown command.
Unknown command.
You feel much better.
Unknown command.
Unknown command.
Unknown command.
You have got your breath back.
A bolt of lightning appears from out of thin air!
The bolt of lightning hits you!!
You die...

.....#
#....♣..♣.....##
######
#...♣♣..♣♣)..##
##...♣..♣...##
##.....)..##
##..)...##
##V)..## #8.{8#
##....##
##.....@##
♣..∩..∩..♣#
♣.........#
##......###
##⌠..⌠## ######


You could see a vampire knight.

Vanquished Creatures
  A Head Instructor (WizLab)
  Arachne (Spider:3)
  Rupert (D:15)
  Jorgrun (Orc:1)
  A quicksilver dragon (WizLab)
  Frances (Swamp:1)
  Kirke (Spider:3)
  A tengu reaver (WizLab)
  A fenstrider witch (Swamp:3)
  Donald (Swamp:3)
  Louise (Swamp:2)
  An emperor scorpion (Spider:3)
  A broodmother (Spider:2)
  2 orc warlords
  4 eleionomae
  A vampire knight (WizLab)
  3 dire elephants
  7 bunyips
  4 fire dragons
  A shambling mangrove (Swamp:4)
  2 entropy weavers
  Harold (Lair:1)
  Fannar (Orc:1)
  Erolcha (D:12)
  16 hydras
  2 centaur warriors
  An anaconda (shapeshifter) (D:15)
  2 catoblepae
  2 ghost crabs
  The ghost of Zedil the Slicer, a journeyman VSBr of Ru (D:13)
  A spriggan air mage (WizLab)
  Erica (D:9)
  2 ogre magi
  A death knight (D:15)
  8 boulder beetles
  8 death yaks
  11 two-headed ogres
  7 alligators
  A jorogumo (Spider:2)
  An orc high priest (Orc:2)
  2 death scarabs (Spider:3)
  3 demonic crawlers (Spider:2)
  A hell knight (WizLab)
  A deep elf knight (Swamp:1)
  Amaemon (D:9)
  A sun moth (Spider:2)
  4 goliath frogs
  2 fire crabs (Swamp:4)
  3 salamander mystics (WizLab)
  2 skysharks
  A skeletal warrior (D:15)
  6 orb spiders
  7 pharaoh ants
  5 spriggan druids
  5 bog bodies
  A deep elf archer (D:14)
  7 swamp dragons
  Pikel (D:7)
  An ironbound convoker (Vaults:1)
  An orc knight (D:15)
  A wizard (D:14)
  A phantasmal warrior (D:15)
  A steelbarb worm (Spider:3)
  7 wolf spiders
  6 mana vipers (WizLab)
  A deep elf pyromancer (D:15)
  2 necromancers
  2 orc sorcerers (Orc:2)
  2 manticores
  13 ugly things
  2 cyclopes
  2 will-o-the-wisps
  A salamander (D:15)
  A naga mage (WizLab)
  19 elephants
  An ice statue (IceCv)
  An orange demon (D:9)
  6 black mambas
  A gargoyle (D:12)
  A torpor snail (Spider:3)
  6 cane toads
  5 rime drakes
  4 freezing wraiths
  8 komodo dragons
  5 kobold demonologists
  12 ice devils (IceCv)
  3 anaconda simulacra (IceCv)
  15 meliai
  9 polar bears
  4 trolls
  8 tyrant leeches
  A meliai (shapeshifter) (D:13)
  14 tarantellas
  A bloated husk (Swamp:1)
  20 hornets
  16 blink frogs
  A dream sheep (Lair:5)
  14 jumping spiders
  Sigmund (D:5)
  A centaur simulacrum (D:14)
  10 culicivoras
  22 humans
  2 water elementals (D:15)
  4 shadows
  11 slime creatures
  27 spriggans
  4 wraiths
  A yak (shapeshifter) (D:13)
  70 yaks
  4 basilisks
  A fire elemental (Swamp:4)
  30 redbacks
  8 wyverns
  4 hogs (Spider:3)
  2 death yak simulacra (IceCv)
  3 vampire mosquitoes (D:14)
  9 steam dragons
  21 swamp worms
  5 wargs
  2 acid dragons
  3 harpy simulacra (IceCv)
  2 hydra simulacra (IceCv)
  14 water moccasins
  Pargi (Sewer)
  22 orc warriors
  2 black bears
  An ice beast (D:5)
  3 ogres
  6 swamp drakes
  2 sky beasts
  4 boggarts (Lair:5)
  24 wolves
  12 centaurs
  4 lemures (D:7)
  A gnoll sergeant (D:11)
  10 kobold brigands
  20 bullfrogs
  2 two-headed ogre simulacra (IceCv)
  5 cane toad simulacra (IceCv)
  4 wights
  A scorpion (D:6)
  Dowan (D:7)
  5 elephant simulacra (IceCv)
  19 killer bees
  6 electric eels
  3 howler monkeys
  A lava snake (Swamp:4)
  A centaur zombie (Ossuary)
  A hound (D:5)
  9 jellies
  Crazy Yiuf (D:7)
  3 gnoll boudas
  28 orc priests
  An iron imp (D:10)
  3 sleepcaps
  6 iguanas
  28 orc wizards
  5 polar bear simulacra (IceCv)
  3 wolf simulacra (IceCv)
  Robin (D:2)
  15 gnolls
  7 adders
  2 shadow imps
  4 white imps
  3 ufetubi
  3 adder zombies (Ossuary)
  3 worms
  5 dart slugs
  111 orcs
  3 bats
  9 endoplasms
  5 giant cockroaches
  18 goblins
  12 hobgoblins
  11 jackals
  3 quokkas
  7 ball pythons
  2 ball python skeletons (Ossuary)
  4 frilled lizards
  29 kobolds
  An orc zombie (Ossuary)
  4 rats
1148 creatures vanquished.

Vanquished Creatures (collateral kills)
  A ghost moth (Spider:2)
  A red draconian (Volcano)
  A goblin (Bailey)
3 creatures vanquished.

Vanquished Creatures (others)
  A jorogumo (Spider:1)
  A pharaoh ant (Spider:2)
  A deep elf archer (Swamp:1)
  A lindwurm (Swamp:4)
  A raiju (Swamp:1)
  A yak (Lair:4)
  Duvessa (D:7)
  A swamp drake (Swamp:4)
  6 ball lightnings (D:14)
  20 foxfires
  256 fulminant prisms
290 creatures vanquished.

Grand Total: 1441 creatures vanquished

Notes
Turn   | Place    | Note
-------+----------+-------------------------------------------
     0 | D:1      | Vomitron the Draconian Conjurer began the quest for the
                  | Orb.
     0 | D:1      | Reached XP level 1. HP: 14/14 MP: 3/3
   408 | D:1      | Reached XP level 2. HP: 12/20 MP: 0/5
   997 | D:1      | Learned a level 2 spell: Searing Ray
  1229 | D:2      | Reached XP level 3. HP: 25/26 MP: 2/6
  1607 | D:2      | Reached XP level 4. HP: 31/33 MP: 4/7
  1641 | D:2      | Noticed Robin
  1762 | D:2      | Reached skill level 5 in Conjurations
  1763 | D:2      | Killed Robin
  2617 | D:3      | Learned a level 4 spell: Fulminant Prism
  2891 | D:3      | Reached XP level 5. HP: 38/38 MP: 4/9
  3088 | D:3      | Identified the +3 dagger "Nuap" {speed, rPois Str-4 Int+5
                  | Stlth+}
  3374 | D:3      | Found a burning altar of Makhleb.
  3663 | D:4      | Reached skill level 1 in Hexes
  3946 | D:4      | Reached XP level 6. HP: 25/45 MP: 1/10
  4176 | D:4      | Learned a level 4 spell: Iskenderun's Mystic Blast
  4420 | D:4      | HP: 2/45 [gnoll/+0 whip[a gnoll bouda] (2)]
  4922 | D:5      | Entered Level 5 of the Dungeon
  5020 | D:5      | Reached skill level 1 in Translocations
  5186 | D:5      | Your scales start taking on an icy white colour.
  5186 | D:5      | Reached XP level 7. HP: 50/50 MP: 8/12
  5186 | D:5      | Gained mutation: Your flesh is cold resistant. (rC+) [White
                  | Draconian growth]
  5188 | D:5      | Noticed Sigmund
  5311 | D:5      | Found a sand-covered staircase.
  5317 | Ossuary  | Entered an ossuary
  5521 | Ossuary  | Noticed a wraith
  5521 | Ossuary  | Noticed a flying skull
  5630 | Ossuary  | Noticed a wraith
  5645 | Ossuary  | Killed a wraith
  5761 | Ossuary  | Noticed a flying skull
  5761 | Ossuary  | Noticed a flying skull
  5766 | Ossuary  | Noticed a flying skull
  5784 | Ossuary  | Noticed a flying skull
  5793 | Ossuary  | Reached XP level 8. HP: 55/57 MP: 7/14
  5990 | D:5      | Killed Sigmund
  6669 | D:6      | Found a glowing drain.
  6705 | D:6      | Reached skill level 5 in Stealth
  6785 | Sewer    | Entered a sewer
  6792 | Sewer    | Reached skill level 5 in Spellcasting
  6840 | Sewer    | Noticed Pargi
  6849 | Sewer    | Killed Pargi
  7006 | D:6      | Reached skill level 1 in Fighting
  7161 | D:6      | Reached XP level 9. HP: 64/64 MP: 3/16
  7579 | D:6      | Found a staircase to the Ecumenical Temple.
  7589 | Temple   | Entered the Ecumenical Temple
  7589 | Temple   | Noticed a sixfirhy
  7589 | Temple   | Noticed a sixfirhy
  7590 | Temple   | Noticed Maleyhuu the pandemonium lord
  7591 | Temple   | Noticed a sixfirhy
  7591 | Temple   | Noticed Ilubaw the pandemonium lord
  7591 | Temple   | Noticed Pirier the pandemonium lord
  7592 | Temple   | Noticed Uneypniv the pandemonium lord
  7595 | Temple   | Noticed a Tzitzimitl
  7595 | Temple   | Noticed a sixfirhy
  7613 | Temple   | Noticed an orange demon
  7633 | Temple   | Noticed Pytasuust the pandemonium lord
  7633 | Temple   | Noticed a Hell Sentinel
  7633 | Temple   | Noticed an Ice Fiend
  7650 | Temple   | Noticed Munuluq the pandemonium lord
  7652 | Temple   | Noticed a rust devil
  7665 | Temple   | Noticed an orange demon
  7680 | Temple   | Became a worshipper of Vehumet
  8669 | D:7      | Found a shimmering altar of Xom.
  8676 | D:7      | Reached * piety under Vehumet
  8676 | D:7      | Offered knowledge of Freeze by Vehumet.
  8699 | D:7      | Noticed Duvessa
  8700 | D:7      | Noticed Dowan
  8794 | D:7      | Found a shadowy altar of Dithmenos.
  8851 | D:7      | Killed Duvessa
  8852 | D:7      | Killed Dowan
  9204 | D:8      | Reached skill level 10 in Conjurations
  9437 | D:8      | Identified a scroll of acquirement
  9437 | D:8      | Acquired the staff of Silly Tender Mercy {rF+++ Will++
                  | rCorr Dex-3 Conj}
  9445 | D:8      | Learned a level 2 spell: Ensorcelled Hibernation
  9525 | D:8      | Found a blossoming altar of Fedhas.
  9680 | D:7      | Reached skill level 1 in Ice Magic
  9680 | D:7      | Reached XP level 10. HP: 76/79 MP: 8/19
  9742 | D:7      | Reached skill level 2 in Ice Magic
 10136 | D:7      | Noticed Pikel
 10218 | D:7      | Killed Pikel
 10219 | D:7      | Reached skill level 5 in Fighting
 10219 | D:7      | Reached skill level 3 in Ice Magic
 10348 | D:7      | Found a runed translucent door.
 10349 | D:7      | Noticed Crazy Yiuf
 10559 | D:7      | Killed Crazy Yiuf
 10559 | D:7      | Reached ** piety under Vehumet
 10559 | D:7      | Offered knowledge of Foxfire by Vehumet.
 11070 | D:9      | Reached skill level 5 in Dodging
 11151 | D:9      | Found a flagged portal.
 11185 | Bailey   | Entered a bailey
 11190 | Bailey   | Noticed an orc warlord
 11216 | Bailey   | Offered knowledge of Static Discharge by Vehumet.
 11327 | Bailey   | Reached skill level 4 in Ice Magic
 11443 | Bailey   | Found a runed translucent gate.
 11452 | Bailey   | Found a runed translucent gate.
 11454 | Bailey   | Found a runed translucent gate.
 11493 | Bailey   | Gained mutation: You have hidden genetic potential. [potion
                  | of mutation]
 11493 | Bailey   | Gained mutation: Your flesh is very cold resistant. (rC++)
                  | [potion of mutation]
 11663 | Bailey   | Killed an orc warlord
 11698 | Bailey   | Reached XP level 11. HP: 93/93 MP: 7/23
 11973 | D:9      | Reached XP level 12. HP: 89/101 MP: 15/24
 12191 | D:9      | Noticed Erica
 12203 | D:9      | Reached *** piety under Vehumet
 12211 | D:9      | Killed Erica
 12212 | D:9      | Reached skill level 5 in Ice Magic
 12323 | D:9      | Noticed Amaemon
 12337 | D:9      | Killed Amaemon
 12677 | D:9      | Found a sparkling altar of Nemelex Xobeh.
 12685 | D:9      | Found a bloodstained altar of Trog.
 12914 | D:10     | Entered Level 10 of the Dungeon
 12933 | D:10     | Noticed a two-headed ogre
 12942 | D:10     | Killed a two-headed ogre
 12943 | D:10     | Gained mutation: You have great hidden genetic potential.
                  | [hidden potential]
 13107 | D:10     | Noticed a two-headed ogre
 13117 | D:10     | Killed a two-headed ogre
 13187 | D:10     | Learned a level 3 spell: Swiftness
 13229 | D:10     | Found a snail-covered altar of Cheibriados.
 13323 | D:10     | Offered knowledge of Hailstorm by Vehumet.
 13616 | D:10     | Reached skill level 1 in Air Magic
 14553 | D:11     | Noticed a boulder beetle
 14564 | D:11     | Killed a boulder beetle
 14704 | D:11     | Acquired the ring of Hon Woti {EV+5 Int+3}
 14759 | D:11     | Reached **** piety under Vehumet
 15050 | D:11     | You fall into a shaft and drop 2 floors!
 15082 | D:13     | Noticed a two-headed ogre
 15089 | D:13     | Killed a two-headed ogre
 15127 | D:13     | Noticed a centaur warrior
 15130 | D:13     | Noticed a two-headed ogre
 15166 | D:13     | Offered knowledge of Flame Wave by Vehumet.
 15174 | D:13     | Killed a two-headed ogre
 15180 | D:13     | Reached XP level 13. HP: 39/111 MP: 9/26
 15195 | D:13     | Found a frozen archway.
 15219 | IceCv    | Entered an ice cave
 15753 | IceCv    | Gained mutation: Your mind is acute. (Int +4, Str/Dex -1)
                  | [hidden potential]
 15753 | IceCv    | Lost mutation: You have great hidden genetic potential.
                  | [hidden potential expressed]
 16018 | IceCv    | Learned a level 4 spell: Flame Wave
 16265 | IceCv    | Reached ***** piety under Vehumet
 16322 | IceCv    | Offered knowledge of Ozocubu's Refrigeration by Vehumet.
 16465 | IceCv    | Learned a level 7 spell: Ozocubu's Refrigeration
 16473 | IceCv    | Found an ancient bone altar of Kikubaaqudgha.
 16565 | IceCv    | Reached skill level 10 in Fighting
 16565 | IceCv    | Reached skill level 6 in Ice Magic
 16675 | IceCv    | Reached skill level 1 in Fire Magic
 16883 | IceCv    | Identified the ring "Toxeofat" {rPois rN+ Int-5 Stlth+}
 17030 | IceCv    | Reached skill level 7 in Ice Magic
 17191 | D:13     | Reached skill level 10 in Spellcasting
 17431 | D:13     | Found a runed translucent gate.
 17431 | D:13     | Found a runed translucent gate.
 17431 | D:13     | Found a runed translucent gate.
 17435 | D:13     | Noticed Zedil's ghost (journeyman VSBr)
 17582 | D:13     | Reached skill level 1 in Shields
 17586 | D:13     | Reached skill level 8 in Ice Magic
 17589 | D:13     | Killed Zedil's ghost
 17803 | D:11     | Found a staircase to the Lair.
 18226 | D:11     | Found a staircase to the Orcish Mines.
 18572 | D:12     | Reached skill level 9 in Ice Magic
 19528 | D:12     | Noticed Erolcha
 19543 | D:12     | Killed Erolcha
 19544 | D:12     | Reached skill level 10 in Ice Magic
 19824 | Orc:1    | Entered Level 1 of the Orcish Mines
 19848 | Orc:1    | Noticed Jorgrun
 19864 | Orc:1    | Noticed Fannar
 19876 | Orc:1    | Killed Jorgrun
 19888 | Orc:1    | Killed Fannar
 20418 | Orc:1    | Found Rurchoext's Book Boutique.
 20524 | Orc:2    | Entered Level 2 of the Orcish Mines
 20524 | Orc:2    | Found a flickering gateway to a bazaar.
 20526 | Orc:2    | Found a staircase to the Elven Halls.
 20531 | Bazaar   | Entered a bazaar
 20531 | Bazaar   | Found Tuxak's Antique Armour Shop.
 20556 | Bazaar   | Found Barhutu's Distillery.
 20576 | Bazaar   | Found Ziguahum's Antique Weapon Shop.
 20604 | Bazaar   | Bought a potion of curing for 33 gold pieces
 20604 | Bazaar   | Bought a potion of resistance for 110 gold pieces
 20604 | Bazaar   | Bought a potion of mutation for 88 gold pieces
 21025 | Orc:2    | Reached skill level 11 in Ice Magic
 21029 | Orc:2    | Offered knowledge of Plasma Beam by Vehumet.
 21259 | Orc:2    | Found Gudiugey's Jewellery Shoppe.
 21546 | Orc:2    | Reached XP level 14. HP: 122/122 MP: 20/28
 21754 | Orc:2    | Noticed an orc warlord
 21933 | Orc:2    | Killed an orc warlord
 22185 | Orc:2    | Found Woyll's Antique Weapon Boutique.
 22191 | Orc:2    | Found Pixtal's Antique Armour Shop.
 22227 | Orc:2    | Bought a pair of embroidered boots for 202 gold pieces
 22384 | Orc:2    | Gained mutation: You have sharp toenails. [hidden
                  | potential]
 22460 | Orc:2    | Found Ifes's Weapon Emporium.
 22532 | Orc:2    | Bought an amulet of magic regeneration for 360 gold pieces
 22625 | Lair:1   | Entered Level 1 of the Lair of Beasts
 22759 | Lair:1   | Reached skill level 12 in Ice Magic
 22951 | Lair:1   | Noticed Harold
 22981 | Lair:1   | Killed Harold
 23115 | Lair:1   | Got the Grimoire of Turbulence and Fascination
 23124 | Lair:1   | Learned a level 6 spell: Conjure Ball Lightning
 23486 | Lair:2   | Reached skill level 13 in Ice Magic
 23825 | Lair:2   | Reached skill level 5 in Air Magic
 24031 | Lair:2   | Found a staircase to the Swamp.
 24187 | Lair:2   | Found a hole to the Spider Nest.
 24189 | Lair:2   | Reached skill level 5 in Shields
 24523 | Lair:3   | Offered knowledge of Spellforged Servitor by Vehumet.
 24679 | Lair:3   | Reached skill level 14 in Ice Magic
 25513 | Lair:4   | You fall into a shaft and drop 1 floor!
 25513 | Lair:5   | Entered Level 5 of the Lair of Beasts
 25580 | Lair:4   | Found a dark tunnel.
 25594 | Volcano  | Entered a volcano
 25621 | Volcano  | Reached XP level 15. HP: 123/132 MP: 26/30
 25689 | Volcano  | Gained mutation: Your mind is very acute. (Int +8, Str/Dex
                  | -2) [hidden potential]
 25689 | Volcano  | Lost mutation: You have hidden genetic potential. [hidden
                  | potential expressed]
 26131 | Lair:4   | Reached skill level 15 in Ice Magic
 26155 | Lair:4   | Offered knowledge of Starburst by Vehumet.
 27702 | Lair:5   | Learned a level 7 spell: Orb of Destruction
 27807 | Lair:5   | Reached skill level 16 in Ice Magic
 27894 | Lair:5   | Offered knowledge of Arcjolt by Vehumet.
 27943 | Lair:5   | Found a viscous altar of Jiyva.
 27958 | Lair:5   | Found a staircase to the Slime Pits.
 28527 | D:14     | Found an opulent altar of Gozag.
 28630 | D:14     | Acquired the +0 pair of boots of Complete Protection
                  | {+Blink rPois rF+}
 28894 | D:14     | Learned a level 3 spell: Frozen Ramparts
 28929 | D:14     | Found a gate to the Vaults.
 29628 | D:14     | Learned a level 5 spell: Arcjolt
 29921 | Swamp:1  | Entered Level 1 of the Swamp
 30055 | Swamp:1  | Reached XP level 16. HP: 139/144 MP: 21/32
 30432 | Swamp:1  | Got the Octavo of Toxins
 30545 | Swamp:1  | Offered knowledge of Leda's Unmaking by Vehumet.
 30604 | Swamp:1  | Reached skill level 1 in Evocations
 30756 | Swamp:1  | Noticed Frances
 30764 | Swamp:1  | Gained mutation: You sometimes lose your temper in combat.
                  | [a neqoxec]
 30766 | Swamp:1  | Killed Frances
 31035 | Swamp:2  | Found a transporter.
 31140 | Swamp:2  | Reached ****** piety under Vehumet
 31198 | Swamp:2  | Reached skill level 17 in Ice Magic
 31345 | Swamp:2  | Found a transporter.
 31868 | Swamp:2  | Found a transporter.
 31890 | Swamp:2  | Found a bloodstained altar of Trog.
 31900 | Swamp:2  | Noticed Tiex's ghost (adept TrFi)
 31912 | Swamp:2  | Found a transporter.
 31932 | Swamp:2  | Noticed Louise
 31940 | Swamp:2  | Killed Louise
 32120 | Swamp:3  | Noticed Donald
 32126 | Swamp:3  | Killed Donald
 32921 | Swamp:4  | Entered Level 4 of the Swamp
 33088 | Swamp:4  | Offered knowledge of Lehudib's Crystal Spear by Vehumet.
 33342 | Swamp:4  | Reached XP level 17. HP: 152/152 MP: 28/34
 33481 | Swamp:4  | Got a decaying rune of Zot
 33761 | Swamp:4  | Reached skill level 10 in Air Magic
 34267 | Spider:1 | Entered Level 1 of the Spider Nest
 34406 | Spider:1 | Learned a level 4 spell: Olgreb's Toxic Radiance
 34456 | Spider:1 | Reached skill level 5 in Evocations
 35194 | Spider:2 | Offered knowledge of Shatter by Vehumet.
 35194 | Spider:2 | Offered knowledge of Chain Lightning by Vehumet.
 35194 | Spider:2 | Offered knowledge of Polar Vortex by Vehumet.
 35198 | Spider:2 | Reached skill level 15 in Conjurations
 35424 | Spider:2 | Reached skill level 18 in Ice Magic
 36651 | Spider:3 | Reached skill level 1 in Poison Magic
 36700 | Spider:3 | Noticed Kirke
 36713 | Spider:3 | Killed Kirke
 36779 | Spider:3 | Identified the +1 trident "Ozxaome" {heavy, rC+}
 37005 | Spider:3 | Noticed Arachne
 37020 | Spider:3 | Killed Arachne
 38073 | D:15     | Entered Level 15 of the Dungeon
 38363 | D:15     | Found a stormy altar of Qazlal.
 38748 | D:15     | Noticed Rupert
 38763 | D:15     | Killed Rupert
 38784 | D:15     | Reached XP level 18. HP: 160/160 MP: 18/35
 38784 | D:15     | Lost mutation: Your flesh is very cold resistant. (rC++)
                  | [potion of mutation]
 38784 | D:15     | Lost mutation: You sometimes lose your temper in combat.
                  | [potion of mutation]
 38784 | D:15     | Gained mutation: You are robust. (+10% HP) [potion of
                  | mutation]
 39092 | D:15     | Found a staircase to the Depths.
 39281 | Vaults:1 | Entered Level 1 of the Vaults
 39365 | Vaults:1 | Found a magical portal.
 39379 | WizLab   | Entered Yara's Duelist Academy
 39800 | WizLab   | Learned a level 5 spell: Iskenderun's Battlesphere
 39841 | WizLab   | Noticed Vaboett
 39863 | WizLab   | Killed Vaboett the Head Instructor
 39897 | WizLab   | HP: 1/171 [something/bolt of lightning (34)]
 39899 | WizLab   | Killed from afar by a black draconian knight

Illustrated notes

Levels and vault maps discovered:
D:1:      saegor_arrival_under_anarchy, layout_loops_ring,
          amcnicky_mini_corridor_feature
D:2:      layout_basic, uniq_robin
D:3:      layout_rooms, lemuel_tele_altar
D:4:      layout_basic, grunt_ministairs_15
D:5:      layout_loops_ring, nicolae_ossuary_entry_ruins,
          dreamdust_wishing_well, uniq_sigmund
D:6:      layout_basic, minmay_temple_entry_offerings,
          cheibrodos_sewer_entry_drain
D:7:      minmay_chambers_of_sevens, layout_loops_ring, kennysheep_little_box,
          amcnicky_altar_gilded, uniq_duvessa, uniq_crazy_yiuf_cottage,
          uniq_pikel
D:8:      layout_loops_cross, fedhas_altar_3
D:9:      layout_loops_ring, mainiacjoe_overflow_big_doors, enter_bailey_4,
          uniq_amaemon, uniq_erica
D:10:     layout_small_grid, slow_altar_2, eino_jars
D:11:     layout_basic, minmay_lair_entry_grove, orc_0_dummy
D:12:     layout_long_grid, uniq_erolcha
D:13:     layout_big_octagon, gammafunk_ghost_nasty_kobolds,
          portal_ice_cave_rime
D:14:     layout_stronghold, grunt_vaults_entry_tiered,
          nicolae_gozag_cash_rules_everything_around_me
D:15:     hangedman_depths_entry_try_elsewhere_first, layout_basic,
          nicolae_qazlal_eye_of_the_storm, uniq_rupert
Temple:   nicolae_temple_panitentiary
Lair:1:   layout_regular_city, uniq_harold
Lair:2:   layout_regular_city, swamp_mist, nicolae_spider_entry_orb_guardian,
          lemuel_fruit_tree, infiniplex_staircase_pool_2, grunt_megastairs_2
Lair:3:   layout_regular_city
Lair:4:   layout_regular_city, enter_volcano_1, chequers_serial_rivers_micro_c,
          serial_bayou_shore_b, grunt_megastairs_1, lemuel_fruit_fields,
          serial_bayou_shore_a
Lair:5:   minmay_lair_end_enchanted_forest, layout_loops_ring,
          nicolae_slime_entry_field_trip
Swamp:1:  layout_basic_swamp, evilmike_swamp_ruin_house_5,
          beargit_elvish_explorers, uniq_frances
Swamp:2:  gammafunk_worm_tunnel, layout_basic_swamp,
          gammafunk_ghost_wrathful_warriors, serial_swamp_ruin,
          hangedman_swamp_ruin_wall, evilmike_swamp_ruin_house_3,
          evilmike_swamp_ruin_rubble_2, swamp_pool3, uniq_louise
Swamp:3:  layout_basic_swamp, hangedman_swamp_blocks, infiniplex_staircase_pool,
          uniq_donald
Swamp:4:  swamp_fiery, layout_basic_swamp
Spider:1: layout_spider_delve
Spider:2: layout_spider_delve
Spider:3: nicolae_spider_hall_of_the_moth_king, uniq_arachne, uniq_kirke
Orc:1:    layout_caves, serial_shops, nicolae_shop_tiny_glass, uniq_fannar,
          uniq_jorgrun
Orc:2:    grunt_orc_community_town_hall, layout_caves,
          grunt_orc_community_big_house_1, grunt_orc_community_big_house_1,
          grunt_orc_community_house_3, grunt_orc_community_house_1,
          grunt_orc_community_house_1, grunt_orc_community_house_2,
          grunt_orc_community_house_1, grunt_orc_community_house_3,
          serial_shops, bzr_in_the_mist, basic_altar, nicolae_orc_lost_temple
Vaults:1: infiniplex_enter_wizlab_water, v_misc_16, v_misc_33, v_rooms_2,
          v_misc_8, nicolae_vaults_octothorpe, nicolae_vaults_ellipses_ellipsis,
          vaults_room_octagon, nicolae_vaults_security_offices_3,
          nicolae_vaults_sesquioval_fish, layout_vaults_omnibox
WizLab:   wizlab_yara

Skill      XL: |  1  2  3  4  5  6  7  8  9 10 11 12 13 14 15 16 17 18 |
---------------+-------------------------------------------------------+-----
Stealth        | 2 3 4 5 6 7 |  7.0
Conjurations   | 5 6 7 8 10 11 12 13 14 15 | 15.7
Spellcasting   | 3 4 5 6 8 9 10 11 12 13 14 | 14.1
Hexes          | 1 2 |  2.0
Translocations | 1 2 4 |  4.0
Dodging        | 2 4 6 8 |  8.5
Fighting       | 1 4 7 9 10 12 13 14 | 14.1
Ice Magic      | 1 4 5 11 14 16 17 18 | 18.7
Air Magic      | 3 4 6 8 9 11 | 11.4
Fire Magic     | 3 |  3.8
Shields        | 3 5 |  5.0
Evocations     | 4 6 7 |  7.3
Poison Magic   | 3 |  3.0

Action                     |  1- 3 |  4- 6 |  7- 9 | 10-12 | 13-15 | 16-18 || total
---------------------------+-------+-------+-------+-------+-------+-------++-------
  Melee: Unarmed           |    32 |       |       |       |       |       ||    32
         Dagger            |     6 |    16 |    50 |       |       |       ||    72
         Tailslap          |     5 |     9 |     6 |     5 |     5 |     2 ||    32
         Halberd           |     8 |    34 |       |       |       |       ||    42
         Morningstar       |       |    10 |       |       |       |       ||    10
         Staff             |       |       |       |    36 |    41 |    42 ||   119
   Cast: Magic Dart        |    47 |   150 |    96 |   171 |   224 |    23 ||   711
         Searing Ray       |     3 |    15 |    35 |    49 |   181 |    51 ||   334
         Fulminant Prism   |       |     1 |    10 |    58 |   142 |    45 ||   256
         Iskenderun's Myst |       |       |    11 |    29 |   108 |   115 ||   263
         Swiftness         |       |       |       |     1 |     4 |       ||     5
         Ozocubu's Refrige |       |       |       |       |   119 |     6 ||   125
         Flame Wave        |       |       |       |       |     5 |       ||     5
         Ensorcelled Hiber |       |       |       |       |     1 |       ||     1
         Orb of Destructio |       |       |       |       |    18 |   187 ||   205
         Conjure Ball Ligh |       |       |       |       |     3 |       ||     3
         Arcjolt           |       |       |       |       |       |    49 ||    49
         Frozen Ramparts   |       |       |       |       |       |     8 ||     8
         Olgreb's Toxic Ra |       |       |       |       |       |    53 ||    53
         Iskenderun's Batt |       |       |       |       |       |     1 ||     1
Ability: Breathe Frost     |       |       |    15 |    31 |    41 |    26 ||   113
         Evoke Blink       |       |       |       |       |       |     1 ||     1
  Evoke: Box of beasts     |       |       |       |     2 |       |     1 ||     3
         Lightning rod     |       |       |       |     4 |     1 |     3 ||     8
         Wand              |       |       |       |       |       |     1 ||     1
    Use: Scroll            |       |     9 |     7 |    14 |    10 |     4 ||    44
         Potion            |       |     1 |     2 |     5 |     4 |     6 ||    18
   Stab: Sleeping          |     2 |       |     8 |       |       |       ||    10
         Invisible         |       |       |     2 |       |       |       ||     2
 Armour: Skin              |    24 |    41 |    55 |    87 |   124 |   131 ||   462
  Dodge: Dodged            |    44 |    89 |    81 |   151 |   282 |   227 ||   874
  Block: Buckler           |       |       |       |       |    61 |    77 ||   138

Table legend: (Time is in decaauts)
 A = Elapsed time spent in this place.
 B = Non-inter-level travel time spent in this place.
 C = Inter-level travel time spent in this place.
 D = Time resting spent in this place.
 E = Time spent auto-exploring this place.
 F = Levels seen in this place.
 G = Mean time per level.
                   A        B        C        D        E       F      G
               +--------+--------+--------+--------+--------+-----+--------+
         Total |  40292 |  38645 |   1647 |   7610 |  22218 |  38 | 1060.3 |
       Dungeon |  19533 |  18610 |    923 |   2330 |  12729 |  15 | 1302.2 |
        Temple |    111 |    106 |      5 |      0 |      0 |   1 |  111.0 |
          Lair |   5701 |   5335 |    366 |    569 |   3591 |   5 | 1140.2 |
         Swamp |   4514 |   4350 |    164 |   1225 |   2136 |   4 | 1128.5 |
   Spider Nest |   3499 |   3395 |    104 |   1546 |   1210 |   3 | 1166.3 |
  Orcish Mines |   2494 |   2411 |     83 |    312 |   1498 |   2 | 1247.0 |
        Vaults |     99 |     99 |      0 |      0 |      0 |   1 |   99.0 |
        Bazaar |     87 |     87 |      0 |      0 |     44 |   1 |   87.0 |
         Sewer |    174 |    174 |      0 |      0 |    104 |   1 |  174.0 |
       Ossuary |    678 |    678 |      0 |    344 |    134 |   1 |  678.0 |
        Bailey |    608 |    608 |      0 |    142 |    115 |   1 |  608.0 |
      Ice Cave |   1951 |   1951 |      0 |    840 |    518 |   1 | 1951.0 |
       Volcano |    317 |    317 |      0 |     51 |     96 |   1 |  317.0 |
        Wizlab |    520 |    520 |      0 |    250 |     41 |   1 |  520.0 |
               +--------+--------+--------+--------+--------+-----+--------+

Top non-repeatable levels by time:
    D:11: 2066 daAuts
     D:7: 1992 daAuts
Spider:2: 1953 daAuts
   IceCv: 1951 daAuts
   Orc:2: 1948 daAuts
    D:14: 1576 daAuts
  Lair:2: 1397 daAuts
  Lair:5: 1375 daAuts
     D:6: 1370 daAuts
     D:9: 1321 daAuts
     D:2: 1311 daAuts
    D:12: 1303 daAuts
     D:1: 1298 daAuts
    D:10: 1261 daAuts
 Swamp:4: 1233 daAuts
